Maple Leafs vs Flames
(R1)
Created - November 19, 2022 at 08:48
Goals
|
| Maple Leafs |
2 |
3 |
4 |
9 |
| Flames |
2 |
0 |
1 |
3 |
|
Shots
|
| Maple Leafs |
6 |
16 |
15 |
37 |
| Flames |
16 |
7 |
13 |
36 |
|
1st period
1. Flames , Anders Lee 3 (Vladimir Sobotka 1) at 1:28
2. Maple Leafs , Tye McGinn 1 (John Klingberg 5, Bo Horvat 1) at 3:26 (PP)
3. Flames , Jake DeBrusk 2 (Sami Vatanen 4) at 4:19
4. Maple Leafs , Brayden Schenn 6 (Michael Frolik 2, John Klingberg 6) at 6:24
Penalties :
Kevin Labanc (Cal) for Roughing (Minor) at 3:09, Michael Frolik (TOR) for Roughing (Minor) at 10:20, Erik Johnson (Cal) for Interference (Minor) at 15:39
2nd period
5. Maple Leafs , Claude Giroux 6 (Michael Frolik 3, Brayden Schenn 4) at 7:40 (PP)
6. Maple Leafs , Michael Frolik 3 (Brayden Schenn 5, Claude Giroux 3) at 8:05
7. Maple Leafs , Andre Burakovsky 2 (Zach Werenski 3, Braydon Coburn 2) at 12:20
Penalties :
Erik Johnson (Cal) for Holding (Minor) at 4:46, Vladimir Sobotka (Cal) for Hooking (Minor) at 7:20, Patrik Berglund (Cal) for Interference (Minor) at 8:52, Brendan Mikkelson (Cal) for Elbowing (Minor) at 16:44
3rd period
8. Maple Leafs , Brayden Schenn 7 (Claude Giroux 4, Michael Frolik 4) at 0:22
9. Maple Leafs , Claude Giroux 7 (Brayden Schenn 6, Michael Frolik 5) at 2:40
10. Maple Leafs , Andre Burakovsky 3 (Bo Horvat 2, Tye McGinn 2) at 5:58
11. Flames , Tanner Pearson 6 (Patrik Berglund 11, Esa Lindell 4) at 15:35
12. Maple Leafs , Tye McGinn 2 (Andre Burakovsky 6, Jon Merrill 1) at 17:24 (PP)
Penalties :
Bo Horvat (TOR) for Holding (Minor) at 8:28, Kevin Labanc (Cal) for Interference (Minor) at 12:46, Kevin Labanc (Cal) for Tripping (Minor) at 16:41, Andre Burakovsky (TOR) for Tripping (Minor) at 18:09
Goalie Stats
John Gibson (TOR), 33 saves from 36 shots - (0.917), W, 1-2-1, 60:00 minutes
Christopher Gibson (Cal), 15 saves from 19 shots - (0.789), 17:53 minutes
Henrik Lundqvist (Cal), 13 saves from 18 shots - (0.722), L, 2-4-0, 42:07 minutes
Players Stats for Maple Leafs
Player Name G A P +/- PIM S H SB GA TA FO MP PP MP PK MP
------------------------------------------------------------------------------------
Andre Burakovsky 2 1 3 1 2 4 1 0 0 3 1/1 17:16 5:23 0:00
Bo Horvat 0 2 2 1 2 1 1 0 0 1 8/13 19:42 5:23 1:33
Brandon Saad 0 0 0 -1 0 1 0 1 2 0 0/0 12:29 0:30 1:00
Brayden McNabb 0 0 0 -2 0 0 1 0 0 0 0/0 9:07 0:00 0:00
Brayden Schenn 2 3 5 4 0 4 3 1 0 0 15/32 23:45 5:52 3:10
Braydon Coburn 0 1 1 0 0 1 1 3 0 0 0/0 20:06 4:23 2:30
Claude Giroux 2 2 4 3 0 7 2 0 0 1 5/10 27:20 5:23 3:11
Haydn Fleury 0 0 0 -2 0 0 0 0 0 0 0/0 9:00 0:00 0:00
John Klingberg 0 2 2 4 0 2 1 2 0 0 0/0 27:39 6:52 3:18
Jon Merrill 0 1 1 5 0 4 3 2 0 1 0/0 30:47 6:52 3:18
JT Compher 0 0 0 -1 0 1 0 0 0 0 0/1 5:35 0:00 0:00
Michael Frolik 1 4 5 4 2 3 0 0 0 1 1/1 21:51 5:45 1:17
Neal Pionk 0 0 0 1 0 0 0 0 0 1 0/0 3:15 0:00 0:00
Nick Ritchie 0 0 0 -1 0 0 0 1 0 0 0/0 5:54 0:06 0:00
Patrice Cormier 0 0 0 -1 0 1 0 0 0 0 3/4 12:25 0:00 1:25
Pontus Aberg 0 0 0 -1 0 2 1 0 0 1 0/1 10:35 0:00 0:00
Tye McGinn 2 1 3 1 0 2 3 1 0 0 2/3 17:17 5:23 0:00
Zach Werenski 0 1 1 0 0 4 1 0 0 1 0/0 20:06 4:23 2:30
Players Stats for Flames
Player Name G A P +/- PIM S H SB GA TA FO MP PP MP PK MP
------------------------------------------------------------------------------------
Anders Lee 1 0 1 1 0 2 0 1 0 0 0/0 9:07 0:00 1:06
Brad Marchand 0 0 0 -3 0 4 1 0 0 0 1/1 20:52 0:00 6:39
Brendan Mikkelson 0 0 0 -1 2 0 0 2 0 1 0/0 17:01 0:00 4:40
Bryan Rust 0 0 0 -3 0 3 2 0 3 0 1/2 17:26 0:11 2:50
Christian Folin 0 0 0 0 0 0 1 1 0 0 0/0 16:54 1:49 2:38
Colby Robak 0 0 0 -1 0 1 1 3 0 0 0/0 16:45 0:00 5:09
Colin Wilson 0 0 0 0 0 0 2 0 0 0 0/4 9:13 0:00 0:00
David Ullstrom 0 0 0 0 0 1 2 0 0 0 0/0 10:37 0:00 1:09
Eric Staal 0 0 0 -3 0 2 0 0 0 0 16/31 18:44 2:23 2:50
Erik Johnson 0 0 0 -2 4 2 1 1 3 0 0/0 26:32 3:59 3:59
Esa Lindell 0 1 1 0 0 1 0 1 1 0 0/0 15:13 1:49 0:21
Jake DeBrusk 1 0 1 1 0 4 1 0 0 0 0/0 9:21 2:23 0:00
Jimmy Hayes 0 0 0 -1 0 3 3 0 0 0 1/1 15:21 3:14 0:00
Kevin Labanc 0 0 0 0 6 1 2 0 1 0 0/0 11:14 2:23 0:00
Patrik Berglund 0 1 1 -1 2 6 1 1 1 1 9/22 21:02 3:25 5:11
Sami Vatanen 0 1 1 -2 0 2 1 5 1 0 0/0 27:56 3:59 5:43
Tanner Pearson 1 0 1 -1 0 4 2 1 0 0 0/0 15:37 3:25 0:00
Vladimir Sobotka 0 1 1 1 2 0 1 1 0 0 3/5 9:42 0:00 2:45
3 Stars
1 - Brayden Schenn (TOR)
2 - Claude Giroux (TOR)
3 - Michael Frolik (TOR)
Power Play
Maple Leafs - 3 on 8 Attempt(s) - 37.50%
Flames - 0 on 3 Attempt(s) - 0.00%
Penalty Kill
Maple Leafs - 3 on 3 Attempt(s) - 100.00%
- Score 0 goal in Penalty Kill
Flames - 5 on 8 Attempt(s) - 62.50%
- Score 0 goal in Penalty Kill
Team Stat
Maple Leafs - Hits : 18 - Faceoff Wins : 35 - Blocked Shots : 11 - Penalty Minutes : 6
Flames - Hits : 21 - Faceoff Wins : 31 - Blocked Shots : 17 - Penalty Minutes : 16
Official
Referees : Chris Rooney and Kendrick Nicholson
Linesman : Matt MacPherson and Ryan Daisy
Game Notes
Christopher Gibson enters game at 8:05 of 2nd period
Henrik Lundqvist enters game at 5:58 of 3rd period
Finance
Level 1 -- Attendance: 5770 (96.17%) -- Ticket Income $577,000
Level 2 -- Attendance: 4792 (95.84%) -- Ticket Income $287,520
Level 3 -- Attendance: 1804 (90.20%) -- Ticket Income $63,140
Level 4 -- Attendance: 4000 (100.00%) -- Ticket Income $100,000
Luxury Box -- Attendance: 1000 (100.00%) -- Ticket Income $200,000
Game was played at the Scotiabank Saddledome.
Total Attendance: 17366 (96.48%)
Total Ticket Income: $1,227,660
Other Income: $184,149
Total Income: $1,411,809
Maple Leafs
5 vs 5 Forward
Center Left Wing Right Wing Time % Phy DF OF
1 Brayden Schenn Claude Giroux Michael Frolik 40 1 2 2
2 Bo Horvat Tye McGinn Andre Burakovsky 30 1 2 2
3 Patrice Cormier Brandon Saad Pontus Aberg 20 1 2 2
4 Claude Giroux Nick Ritchie JT Compher 10 1 2 2
5 vs 5 Defense
Defense Defense Time % Phy DF OF
1 Jon Merrill John Klingberg 40 1 2 2
2 Braydon Coburn Zach Werenski 30 1 2 2
3 Haydn Fleury Brayden McNabb 20 1 2 2
4 Neal Pionk Jon Merrill 10 1 2 2
PowerPlay Forward
Center Left Wing Right Wing Time % Phy DF OF
1 Brayden Schenn Claude Giroux Michael Frolik 60 1 2 2
2 Bo Horvat Tye McGinn Andre Burakovsky 40 1 2 2
PowerPlay Defense
Defense Defense Time % Phy DF OF
1 Jon Merrill John Klingberg 60 1 2 2
2 Braydon Coburn Zach Werenski 40 1 2 2
Penalty Kill 4 Players Forward
Center Wing Time % Phy DF OF
1 Claude Giroux Brayden Schenn 60 1 2 2
2 Michael Frolik Bo Horvat 40 1 2 2
Penalty Kill 4 Players Defense
Defense Defense Time % Phy DF OF
1 Jon Merrill John Klingberg 60 1 2 2
2 Braydon Coburn Zach Werenski 40 1 2 2
Penalty Kill - 3 Players Forward
Forward Time % Phy DF OF
1 Claude Giroux 60 1 2 2
2 Brayden Schenn 40 1 2 2
Penalty Kill - 3 Players Defense
Defense Defense Time % Phy DF OF
1 Jon Merrill John Klingberg 60 1 2 2
2 Braydon Coburn Zach Werenski 40 1 2 2
4 vs 4 Forward
Center Wing Time % Phy DF OF
1 Claude Giroux Brayden Schenn 60 1 2 2
2 Michael Frolik Bo Horvat 40 1 2 2
4 vs 4 Defense
Defense Defense Time % Phy DF OF
1 Jon Merrill John Klingberg 60 1 2 2
2 Braydon Coburn Zach Werenski 40 1 2 2
Last Minutes Offensive
Center Left Wing Right Wing Defense Defense
Brayden Schenn Claude Giroux Michael Frolik Jon Merrill John Klingberg
Last Minutes Defensive
Center Left Wing Right Wing Defense Defense
Brayden Schenn Claude Giroux Michael Frolik Jon Merrill John Klingberg
Goaltenders
Starting : John Gibson
Backup : Martin Jones
Extra Forwards
Normal : Brandon Saad, Nick Ritchie, Patrice Cormier - PP : Brandon Saad, Nick Ritchie - PK : Patrice Cormier
Extra Defensemen
Normal : Haydn Fleury, Brayden McNabb, Neal Pionk - PP : Haydn Fleury - PK : Brayden McNabb, Neal Pionk
Penalty Shots
Claude Giroux, Brayden Schenn, Michael Frolik, Bo Horvat, Tye McGinn
Scratches
Elias Pettersson (Healthy)
Flames
5 vs 5 Forward
Center Left Wing Right Wing Time % Phy DF OF
1 Eric Staal Brad Marchand Bryan Rust 38 1 2 2
2 Patrik Berglund Tanner Pearson Jimmy Hayes 32 1 2 2
3 Colin Wilson David Ullstrom Kevin Labanc 21 1 2 2
4 Vladimir Sobotka Jake DeBrusk Anders Lee 9 1 2 2
5 vs 5 Defense
Defense Defense Time % Phy DF OF
1 Erik Johnson Sami Vatanen 40 1 2 2
2 Esa Lindell Christian Folin 31 1 2 2
3 Brendan Mikkelson Colby Robak 22 1 2 2
4 Brendan Mikkelson Colby Robak 7 1 2 2
PowerPlay Forward
Center Left Wing Right Wing Time % Phy DF OF
1 Patrik Berglund Tanner Pearson Jimmy Hayes 60 1 1 3
2 Eric Staal Jake DeBrusk Kevin Labanc 40 1 1 3
PowerPlay Defense
Defense Defense Time % Phy DF OF
1 Erik Johnson Sami Vatanen 60 1 1 3
2 Esa Lindell Christian Folin 40 1 1 3
Penalty Kill 4 Players Forward
Center Wing Time % Phy DF OF
1 Patrik Berglund Brad Marchand 60 1 2 2
2 Eric Staal Bryan Rust 40 1 2 2
Penalty Kill 4 Players Defense
Defense Defense Time % Phy DF OF
1 Erik Johnson Sami Vatanen 60 1 2 2
2 Brendan Mikkelson Colby Robak 40 1 2 2
Penalty Kill - 3 Players Forward
Forward Time % Phy DF OF
1 Eric Staal 60 1 2 2
2 Patrik Berglund 40 1 2 2
Penalty Kill - 3 Players Defense
Defense Defense Time % Phy DF OF
1 Erik Johnson Sami Vatanen 60 1 2 2
2 Brendan Mikkelson Colby Robak 40 1 2 2
4 vs 4 Forward
Center Wing Time % Phy DF OF
1 Eric Staal Brad Marchand 60 1 2 2
2 Patrik Berglund Bryan Rust 40 1 2 2
4 vs 4 Defense
Defense Defense Time % Phy DF OF
1 Erik Johnson Sami Vatanen 60 1 2 2
2 Esa Lindell Christian Folin 40 1 2 2
Last Minutes Offensive
Center Left Wing Right Wing Defense Defense
Eric Staal Brad Marchand Bryan Rust Erik Johnson Sami Vatanen
Last Minutes Defensive
Center Left Wing Right Wing Defense Defense
Eric Staal Brad Marchand Bryan Rust Erik Johnson Sami Vatanen
Goaltenders
Starting : Henrik Lundqvist
Backup : Christopher Gibson
Extra Forwards
Normal : Jake DeBrusk, Bryan Rust, Patrik Berglund - PP : Kevin Labanc, Jake DeBrusk - PK : Vladimir Sobotka
Extra Defensemen
Normal : Esa Lindell, Christian Folin, Colby Robak - PP : Esa Lindell - PK : Brendan Mikkelson, Christian Folin
Penalty Shots
Eric Staal, Tanner Pearson, Jake DeBrusk, Patrik Berglund, Jimmy Hayes
Scratches
David Savard (Healthy), Kyle Palmieri (Right Knee Injury), Nathan Lieuwen (Healthy)
% Time on Ice - Maple Leafs
Lines # - Real PCT - Wanted PCT - Time Play
Normal Forward
1 - 35% - 40% - 14:53
2 - 28% - 30% - 11:54
3 - 25% - 20% - 10:35
4 - 13% - 10% - 5:35
Normal Defense
1 - 41% - 40% - 17:29
2 - 31% - 30% - 13:13
3 - 21% - 20% - 9:00
4 - 8% - 10% - 3:15
PP Forward
1 - 52% - 60% - 5:52
2 - 48% - 40% - 5:23
PP Defense
1 - 61% - 60% - 6:52
2 - 39% - 40% - 4:23
PK Forward
1 - 69% - 60% - 4:01
2 - 31% - 40% - 1:47
PK Defense
1 - 57% - 60% - 3:18
2 - 43% - 40% - 2:30
PK3 Forward
1 - 0% - 60%
2 - 0% - 40%
PK3 Defense
1 - 0% - 60%
2 - 0% - 40%
44 Forward
1 - 0% - 60%
2 - 0% - 40%
44 Defense
1 - 0% - 60%
2 - 0% - 40%
Last Minute Offensive - 0:00
Last Minute Defensive - 0:00
Total
Forward - 60:00
Defense - 60:00
|
% Time on Ice - Flames
Lines # - Real PCT - Wanted PCT - Time Play
Normal Forward
1 - 34% - 38% - 14:33
2 - 28% - 32% - 12:13
3 - 21% - 21% - 9:13
4 - 16% - 9% - 6:58
Normal Defense
1 - 43% - 40% - 18:31
2 - 32% - 31% - 13:50
3 - 21% - 22% - 9:07
4 - 3% - 7% - 1:29
PP Forward
1 - 59% - 60% - 3:25
2 - 41% - 40% - 2:23
PP Defense
1 - 69% - 60% - 3:59
2 - 31% - 40% - 1:49
PK Forward
1 - 75% - 60% - 8:25
2 - 25% - 40% - 2:50
PK Defense
1 - 56% - 60% - 6:19
2 - 44% - 40% - 4:56
PK3 Forward
1 - 0% - 60%
2 - 0% - 40%
PK3 Defense
1 - 0% - 60%
2 - 0% - 40%
44 Forward
1 - 0% - 60%
2 - 0% - 40%
44 Defense
1 - 0% - 60%
2 - 0% - 40%
Last Minute Offensive - 0:00
Last Minute Defensive - 0:00
Total
Forward - 60:00
Defense - 60:00
|
Play-by-Play
1st period
0:01 of 1st period - Eric Staal wins face-off versus Brayden Schenn in neutral zone.
0:04 of 1st period - Slapshot by Erik Johnson.
0:04 of 1st period - Shot Blocked by John Klingberg.
0:11 of 1st period - Slapshot by Erik Johnson.
0:11 of 1st period - Shot Misses the Net.
0:38 of 1st period - Slapshot by Jimmy Hayes.
0:38 of 1st period - Deflect By Tanner Pearson.
0:38 of 1st period - Stopped by John Gibson without a rebound.
0:39 of 1st period - Patrice Cormier wins face-off versus Colin Wilson in Maple Leafs zone.
1:28 of 1st period - Backhand shot by Anders Lee.
1:28 of 1st period - Goal by Anders Lee - Maple Leafs : 0 - Flames : 1.
1:29 of 1st period - Brayden Schenn wins face-off versus Eric Staal in neutral zone.
1:56 of 1st period - Christian Folin is hit by Jon Merrill and loses puck.
2:07 of 1st period - Wrist shot by Jake DeBrusk.
2:07 of 1st period - Stopped by John Gibson without a rebound.
2:08 of 1st period - Patrik Berglund wins face-off versus Pontus Aberg in Maple Leafs zone.
2:46 of 1st period - Michael Frolik is hit by Colin Wilson and loses puck.
2:53 of 1st period - David Ullstrom is hit by Brayden Schenn and loses puck.
3:09 of 1st period - Minor Penalty to Kevin Labanc for Roughing.
3:10 of 1st period - Bo Horvat wins face-off versus Patrik Berglund in Flames zone.
3:22 of 1st period - Slapshot by John Klingberg.
3:22 of 1st period - Shot Blocked by Sami Vatanen.
3:24 of 1st period - Slapshot by John Klingberg.
3:24 of 1st period - Stopped by Henrik Lundqvist with a rebound.
3:26 of 1st period - Wrist shot by Tye McGinn.
3:26 of 1st period - Goal by Tye McGinn - Maple Leafs : 1 - Flames : 1.
3:27 of 1st period - Eric Staal wins face-off versus Bo Horvat in neutral zone.
3:54 of 1st period - Jon Merrill is hit by Jimmy Hayes and loses puck.
4:19 of 1st period - Snap shot by Jake DeBrusk.
4:19 of 1st period - Goal by Jake DeBrusk - Maple Leafs : 1 - Flames : 2.
4:20 of 1st period - Eric Staal wins face-off versus Bo Horvat in neutral zone.
4:32 of 1st period - Off-side.
4:33 of 1st period - Tye McGinn wins face-off versus Eric Staal in neutral zone.
5:27 of 1st period - Snap shot by David Ullstrom.
5:27 of 1st period - Stopped by John Gibson with a rebound.
5:45 of 1st period - Wrist shot by Andre Burakovsky.
5:45 of 1st period - Shot Misses the Net.
5:47 of 1st period - Snap shot by Braydon Coburn.
5:47 of 1st period - Shot Blocked by Vladimir Sobotka.
5:49 of 1st period - Slapshot by Tye McGinn.
5:49 of 1st period - Shot Misses the Net.
6:05 of 1st period - Slapshot by Sami Vatanen.
6:05 of 1st period - Stopped by John Gibson with a rebound.
6:11 of 1st period - Slapshot by Tanner Pearson.
6:11 of 1st period - Deflect By Patrik Berglund.
6:11 of 1st period - Stopped by John Gibson without a rebound.
6:12 of 1st period - Brayden Schenn wins face-off versus Patrik Berglund in Maple Leafs zone.
6:12 of 1st period - Brayden Schenn is hit by Patrik Berglund.
6:22 of 1st period - Backhand shot by Michael Frolik.
6:22 of 1st period - Shot Misses the Net.
6:24 of 1st period - Wrist shot by Brayden Schenn.
6:24 of 1st period - Deflect By Christian Folin.
6:24 of 1st period - Goal by Brayden Schenn - Maple Leafs : 2 - Flames : 2.
6:25 of 1st period - Brayden Schenn wins face-off versus Eric Staal in neutral zone.
6:53 of 1st period - Icing by Claude Giroux.
6:54 of 1st period - Brayden Schenn wins face-off versus Colin Wilson in Maple Leafs zone.
7:05 of 1st period - Snap shot by Claude Giroux.
7:05 of 1st period - Shot Blocked by Christian Folin.
7:17 of 1st period - Wrist shot by Brayden Schenn.
7:17 of 1st period - Shot Misses the Net.
7:19 of 1st period - Wrist shot by Brayden Schenn.
7:19 of 1st period - Deflect By Michael Frolik.
7:19 of 1st period - Shot Misses the Net.
7:19 of 1st period - Puck is out of play.
7:20 of 1st period - Bo Horvat wins face-off versus Eric Staal in Flames zone.
7:21 of 1st period - Wrist shot by Tye McGinn.
7:21 of 1st period - Shot Misses the Net.
7:35 of 1st period - Snap shot by Andre Burakovsky.
7:35 of 1st period - Stopped by Henrik Lundqvist without a rebound.
7:36 of 1st period - Patrice Cormier wins face-off versus Patrik Berglund in Flames zone.
8:01 of 1st period - Haydn Fleury is hit by Erik Johnson and loses puck.
8:22 of 1st period - Vladimir Sobotka is hit by Brayden McNabb and loses puck.
9:10 of 1st period - Slapshot by Tanner Pearson.
9:10 of 1st period - Stopped by John Gibson without a rebound.
9:11 of 1st period - Eric Staal wins face-off versus Bo Horvat in Maple Leafs zone.
9:24 of 1st period - Slapshot by Brad Marchand.
9:24 of 1st period - Shot Misses the Net.
9:38 of 1st period - Pontus Aberg is hit by Tanner Pearson and loses puck.
10:01 of 1st period - Slapshot by Erik Johnson.
10:01 of 1st period - Shot Blocked by Braydon Coburn.
10:03 of 1st period - Slapshot by Erik Johnson.
10:03 of 1st period - Deflect By Jake DeBrusk.
10:03 of 1st period - Stopped by John Gibson without a rebound.
10:04 of 1st period - Eric Staal wins face-off versus Brayden Schenn in Maple Leafs zone.
10:05 of 1st period - Snap shot by Brad Marchand.
10:05 of 1st period - Shot Misses the Net.
10:07 of 1st period - Slapshot by Eric Staal.
10:07 of 1st period - Shot Blocked by Brayden Schenn.
10:09 of 1st period - Snap shot by Eric Staal.
10:09 of 1st period - Deflect By Michael Frolik.
10:09 of 1st period - Stopped by John Gibson with a rebound.
10:11 of 1st period - Snap shot by Eric Staal.
10:11 of 1st period - Stopped by John Gibson with a rebound.
10:13 of 1st period - Snap shot by Bryan Rust.
10:13 of 1st period - Shot Misses the Net.
10:15 of 1st period - Slapshot by Brad Marchand.
10:15 of 1st period - Stopped by John Gibson with a rebound.
10:20 of 1st period - Minor Penalty to Michael Frolik for Roughing.
10:21 of 1st period - Claude Giroux wins face-off versus Patrik Berglund in Maple Leafs zone.
10:48 of 1st period - John Klingberg is hit by Sami Vatanen and loses puck.
11:07 of 1st period - Patrice Cormier is hit by Kevin Labanc and loses puck.
12:20 of 1st period - Penalty to Michael Frolik is over, Michael Frolik is back on ice.
12:29 of 1st period - Icing by Brad Marchand.
12:30 of 1st period - Bo Horvat wins face-off versus Bryan Rust in Flames zone.
13:07 of 1st period - Slapshot by Claude Giroux.
13:07 of 1st period - Stopped by Henrik Lundqvist without a rebound.
13:08 of 1st period - Vladimir Sobotka wins face-off versus Claude Giroux in Flames zone.
13:13 of 1st period - Jon Merrill is hit by Jake DeBrusk.
13:17 of 1st period - Slapshot by John Klingberg.
13:17 of 1st period - Stopped by Henrik Lundqvist with a rebound.
14:27 of 1st period - Brad Marchand is hit by Brayden Schenn and loses puck.
14:39 of 1st period - Icing by Zach Werenski.
14:40 of 1st period - Brayden Schenn wins face-off versus Patrik Berglund in Maple Leafs zone.
14:47 of 1st period - Wrist shot by Patrik Berglund.
14:47 of 1st period - Stopped by John Gibson without a rebound.
14:48 of 1st period - Patrik Berglund wins face-off versus Brayden Schenn in Maple Leafs zone.
15:01 of 1st period - Wrist shot by Tanner Pearson.
15:01 of 1st period - Shot Misses the Net.
15:03 of 1st period - Backhand shot by Sami Vatanen.
15:03 of 1st period - Stopped by John Gibson without a rebound.
15:04 of 1st period - Bo Horvat wins face-off versus Eric Staal in Maple Leafs zone.
15:09 of 1st period - Bryan Rust is hit by Tye McGinn.
15:15 of 1st period - Slapshot by John Klingberg.
15:15 of 1st period - Deflect By Bo Horvat.
15:15 of 1st period - Shot Misses the Net.
15:15 of 1st period - Puck is out of play.
15:16 of 1st period - Eric Staal wins face-off versus Brayden Schenn in Flames zone.
15:21 of 1st period - Backhand shot by Erik Johnson.
15:21 of 1st period - Stopped by John Gibson with a rebound.
15:31 of 1st period - Backhand shot by Michael Frolik.
15:31 of 1st period - Shot Misses the Net.
15:39 of 1st period - Minor Penalty to Erik Johnson for Interference.
15:40 of 1st period - Patrik Berglund wins face-off versus Brayden Schenn in Flames zone.
16:07 of 1st period - Brendan Mikkelson is hit by Andre Burakovsky and loses puck.
16:12 of 1st period - Wrist shot by Andre Burakovsky.
16:12 of 1st period - Shot Misses the Net.
16:14 of 1st period - Snap shot by Bo Horvat.
16:14 of 1st period - Shot Blocked by Brendan Mikkelson.
16:42 of 1st period - Andre Burakovsky is hit by Vladimir Sobotka and loses puck.
17:39 of 1st period - Penalty to Erik Johnson is over, Erik Johnson is back on ice.
18:28 of 1st period - Snap shot by Jimmy Hayes.
18:28 of 1st period - Stopped by John Gibson without a rebound.
18:29 of 1st period - Jimmy Hayes wins face-off versus JT Compher in Maple Leafs zone.
18:38 of 1st period - Nick Ritchie is hit by Tanner Pearson and loses puck.
19:30 of 1st period - Icing by Claude Giroux.
19:31 of 1st period - Claude Giroux wins face-off versus Eric Staal in Maple Leafs zone.
19:36 of 1st period - Backhand shot by Nick Ritchie.
19:36 of 1st period - Shot Misses the Net.
Goals for this period are 2 for Maple Leafs vs 2 for Flames.
Shots for this period are 6 for Maple Leafs vs 16 for Flames.
2nd period
0:01 of 2nd period - Patrik Berglund wins face-off versus Brayden Schenn in neutral zone.
0:16 of 2nd period - Slapshot by Claude Giroux.
0:16 of 2nd period - Deflect By Brayden Schenn.
0:16 of 2nd period - Shot Blocked by Tanner Pearson.
0:16 of 2nd period - Puck is out of play.
0:17 of 2nd period - Bo Horvat wins face-off versus Eric Staal in Flames zone.
0:30 of 2nd period - Slapshot by Erik Johnson.
0:30 of 2nd period - Stopped by John Gibson with a rebound.
0:32 of 2nd period - Slapshot by Bryan Rust.
0:32 of 2nd period - Stopped by John Gibson with a rebound.
0:34 of 2nd period - Snap shot by Brad Marchand.
0:34 of 2nd period - Stopped by John Gibson with a rebound.
0:56 of 2nd period - John Klingberg is hit by Colin Wilson and loses puck.
1:17 of 2nd period - Wrist shot by Claude Giroux.
1:17 of 2nd period - Shot Misses the Net.
1:44 of 2nd period - Slapshot by John Klingberg.
1:44 of 2nd period - Shot Misses the Net.
1:56 of 2nd period - Wrist shot by Zach Werenski.
1:56 of 2nd period - Deflect By David Ullstrom.
1:56 of 2nd period - Stopped by Henrik Lundqvist with a rebound.
2:40 of 2nd period - Snap shot by Tanner Pearson.
2:40 of 2nd period - Shot Misses the Net.
2:42 of 2nd period - Wrist shot by Patrik Berglund.
2:42 of 2nd period - Shot Misses the Net.
2:52 of 2nd period - Braydon Coburn is hit by David Ullstrom and loses puck.
3:33 of 2nd period - Sami Vatanen is hit by Claude Giroux and loses puck.
4:00 of 2nd period - Snap shot by Tye McGinn.
4:00 of 2nd period - Shot Misses the Net.
4:46 of 2nd period - Minor Penalty to Erik Johnson for Holding.
4:47 of 2nd period - Patrik Berglund wins face-off versus Brayden Schenn in Flames zone.
5:16 of 2nd period - Brendan Mikkelson is hit by Tye McGinn.
5:20 of 2nd period - Bo Horvat is hit by Brad Marchand and loses puck.
6:38 of 2nd period - John Klingberg is hit by David Ullstrom.
6:46 of 2nd period - Penalty to Erik Johnson is over, Erik Johnson is back on ice.
6:58 of 2nd period - Snap shot by Brandon Saad.
6:58 of 2nd period - Deflect By Patrice Cormier.
6:58 of 2nd period - Stopped by Henrik Lundqvist without a rebound.
6:59 of 2nd period - Vladimir Sobotka wins face-off versus Patrice Cormier in Flames zone.
7:20 of 2nd period - Minor Penalty to Vladimir Sobotka for Hooking.
7:21 of 2nd period - Michael Frolik wins face-off versus Patrik Berglund in Flames zone.
7:32 of 2nd period - Wrist shot by Michael Frolik.
7:32 of 2nd period - Shot Misses the Net.
7:34 of 2nd period - Slapshot by John Klingberg.
7:34 of 2nd period - Deflect By Claude Giroux.
7:34 of 2nd period - Shot Misses the Net.
7:34 of 2nd period - Puck is out of play.
7:35 of 2nd period - Brayden Schenn wins face-off versus Patrik Berglund in Flames zone.
7:40 of 2nd period - Wrist shot by Claude Giroux.
7:40 of 2nd period - Goal by Claude Giroux - Maple Leafs : 3 - Flames : 2.
7:41 of 2nd period - Eric Staal wins face-off versus Brayden Schenn in neutral zone.
7:47 of 2nd period - Snap shot by Brayden Schenn.
7:47 of 2nd period - Shot Blocked by Brendan Mikkelson.
7:49 of 2nd period - Slapshot by Jon Merrill.
7:49 of 2nd period - Stopped by Henrik Lundqvist without a rebound.
7:50 of 2nd period - Brayden Schenn wins face-off versus Eric Staal in Flames zone.
8:01 of 2nd period - Snap shot by Claude Giroux.
8:01 of 2nd period - Stopped by Henrik Lundqvist with a rebound.
8:03 of 2nd period - Snap shot by Michael Frolik.
8:03 of 2nd period - Shot Blocked by Colby Robak.
8:05 of 2nd period - Wrist shot by Brayden Schenn.
8:05 of 2nd period - Deflect By Michael Frolik.
8:05 of 2nd period - Goal by Michael Frolik - Maple Leafs : 4 - Flames : 2.
8:05 of 2nd period - Christopher Gibson enters game.
8:06 of 2nd period - Brayden Schenn wins face-off versus Eric Staal in neutral zone.
8:52 of 2nd period - Minor Penalty to Patrik Berglund for Interference.
8:53 of 2nd period - Brayden Schenn wins face-off versus Vladimir Sobotka in Flames zone.
8:56 of 2nd period - Wrist shot by Claude Giroux.
8:56 of 2nd period - Shot Blocked by Sami Vatanen.
8:58 of 2nd period - Snap shot by Michael Frolik.
8:58 of 2nd period - Shot Blocked by Sami Vatanen.
9:00 of 2nd period - Slapshot by Zach Werenski.
9:00 of 2nd period - Deflect By Erik Johnson.
9:00 of 2nd period - Stopped by Christopher Gibson without a rebound.
9:01 of 2nd period - Brayden Schenn wins face-off versus Vladimir Sobotka in Flames zone.
9:12 of 2nd period - Wrist shot by Brayden Schenn.
9:12 of 2nd period - Stopped by Christopher Gibson without a rebound.
9:13 of 2nd period - Vladimir Sobotka wins face-off versus Claude Giroux in Flames zone.
9:24 of 2nd period - Slapshot by Jon Merrill.
9:24 of 2nd period - Stopped by Christopher Gibson with a rebound.
9:26 of 2nd period - Slapshot by Jon Merrill.
9:26 of 2nd period - Deflect By Sami Vatanen.
9:26 of 2nd period - Stopped by Christopher Gibson with a rebound.
9:28 of 2nd period - Slapshot by John Klingberg.
9:28 of 2nd period - Shot Blocked by Sami Vatanen.
10:13 of 2nd period - Off-side.
10:14 of 2nd period - Bo Horvat wins face-off versus Eric Staal in neutral zone.
10:37 of 2nd period - Sami Vatanen is hit by Claude Giroux and loses puck.
10:52 of 2nd period - Penalty to Patrik Berglund is over, Patrik Berglund is back on ice.
10:54 of 2nd period - Backhand shot by Anders Lee.
10:54 of 2nd period - Stopped by John Gibson with a rebound.
11:21 of 2nd period - Snap shot by Pontus Aberg.
11:21 of 2nd period - Stopped by Christopher Gibson without a rebound.
11:22 of 2nd period - Eric Staal wins face-off versus Brayden Schenn in Flames zone.
12:10 of 2nd period - Slapshot by Zach Werenski.
12:10 of 2nd period - Shot Blocked by Colby Robak.
12:12 of 2nd period - Wrist shot by Andre Burakovsky.
12:12 of 2nd period - Shot Blocked by Anders Lee.
12:14 of 2nd period - Slapshot by Bo Horvat.
12:14 of 2nd period - Shot Misses the Net.
12:16 of 2nd period - Slapshot by Braydon Coburn.
12:16 of 2nd period - Shot Misses the Net.
12:18 of 2nd period - Snap shot by Zach Werenski.
12:18 of 2nd period - Stopped by Christopher Gibson with a rebound.
12:20 of 2nd period - Snap shot by Andre Burakovsky.
12:20 of 2nd period - Goal by Andre Burakovsky - Maple Leafs : 5 - Flames : 2.
12:21 of 2nd period - Brayden Schenn wins face-off versus Eric Staal in neutral zone.
12:23 of 2nd period - Off-side.
12:24 of 2nd period - Eric Staal wins face-off versus Brayden Schenn in neutral zone.
13:41 of 2nd period - Wrist shot by Nick Ritchie.
13:41 of 2nd period - Shot Misses the Net.
14:01 of 2nd period - Snap shot by Tanner Pearson.
14:01 of 2nd period - Stopped by John Gibson with a rebound.
14:03 of 2nd period - Slapshot by Patrik Berglund.
14:03 of 2nd period - Stopped by John Gibson with a rebound.
14:05 of 2nd period - Snap shot by Tanner Pearson.
14:05 of 2nd period - Deflect By Patrik Berglund.
14:05 of 2nd period - Stopped by John Gibson with a rebound.
15:06 of 2nd period - Snap shot by Jake DeBrusk.
15:06 of 2nd period - Shot Hit the Post.
16:32 of 2nd period - Snap shot by Claude Giroux.
16:32 of 2nd period - Stopped by Christopher Gibson without a rebound.
16:33 of 2nd period - Bo Horvat wins face-off versus Eric Staal in Flames zone.
16:36 of 2nd period - Wrist shot by Andre Burakovsky.
16:36 of 2nd period - Shot Misses the Net.
16:38 of 2nd period - Wrist shot by Bo Horvat.
16:38 of 2nd period - Stopped by Christopher Gibson with a rebound.
16:42 of 2nd period - Snap shot by Andre Burakovsky.
16:42 of 2nd period - Stopped by Christopher Gibson with a rebound.
16:44 of 2nd period - Minor Penalty to Brendan Mikkelson for Elbowing.
16:45 of 2nd period - Patrik Berglund wins face-off versus Bo Horvat in Flames zone.
18:28 of 2nd period - David Ullstrom is hit by Brayden Schenn and loses puck.
18:44 of 2nd period - Penalty to Brendan Mikkelson is over, Brendan Mikkelson is back on ice.
18:51 of 2nd period - Brandon Saad is hit by Kevin Labanc and loses puck.
19:51 of 2nd period - Icing by Michael Frolik.
19:52 of 2nd period - Brayden Schenn wins face-off versus Colin Wilson in Maple Leafs zone.
Goals for this period are 3 for Maple Leafs vs 0 for Flames.
Shots for this period are 16 for Maple Leafs vs 7 for Flames.
3rd period
0:01 of 3rd period - Brayden Schenn wins face-off versus Eric Staal in neutral zone.
0:04 of 3rd period - Snap shot by Claude Giroux.
0:04 of 3rd period - Stopped by Christopher Gibson with a rebound.
0:06 of 3rd period - Slapshot by Michael Frolik.
0:06 of 3rd period - Stopped by Christopher Gibson without a rebound.
0:07 of 3rd period - Eric Staal wins face-off versus Brayden Schenn in Flames zone.
0:22 of 3rd period - Snap shot by Brayden Schenn.
0:22 of 3rd period - Deflect By Eric Staal.
0:22 of 3rd period - Goal by Brayden Schenn - Maple Leafs : 6 - Flames : 2.
0:23 of 3rd period - Eric Staal wins face-off versus Brayden Schenn in neutral zone.
0:26 of 3rd period - John Klingberg is hit by Bryan Rust and loses puck.
0:39 of 3rd period - Slapshot by Brad Marchand.
0:39 of 3rd period - Deflect By Claude Giroux.
0:39 of 3rd period - Shot Misses the Net.
0:39 of 3rd period - Puck is out of play.
0:40 of 3rd period - Andre Burakovsky wins face-off versus Patrik Berglund in Maple Leafs zone.
0:54 of 3rd period - Christian Folin is hit by John Klingberg.
1:20 of 3rd period - Slapshot by Kevin Labanc.
1:20 of 3rd period - Shot Misses the Net.
2:07 of 3rd period - Braydon Coburn is hit by Christian Folin and loses puck.
2:12 of 3rd period - Slapshot by Claude Giroux.
2:12 of 3rd period - Deflect By JT Compher.
2:12 of 3rd period - Shot Blocked by Esa Lindell.
2:12 of 3rd period - Puck is out of play.
2:13 of 3rd period - Claude Giroux wins face-off versus Eric Staal in Flames zone.
2:14 of 3rd period - Wrist shot by JT Compher.
2:14 of 3rd period - Stopped by Christopher Gibson without a rebound.
2:15 of 3rd period - Brad Marchand wins face-off versus Claude Giroux in Flames zone.
2:22 of 3rd period - Snap shot by Eric Staal.
2:22 of 3rd period - Shot Blocked by Nick Ritchie.
2:24 of 3rd period - Snap shot by Bryan Rust.
2:24 of 3rd period - Stopped by John Gibson with a rebound.
2:26 of 3rd period - Wrist shot by Bryan Rust.
2:26 of 3rd period - Stopped by John Gibson without a rebound.
2:27 of 3rd period - Bryan Rust wins face-off versus Brayden Schenn in Maple Leafs zone.
2:40 of 3rd period - Snap shot by Brayden Schenn.
2:40 of 3rd period - Deflect By Claude Giroux.
2:40 of 3rd period - Goal by Claude Giroux - Maple Leafs : 7 - Flames : 2.
2:41 of 3rd period - Brayden Schenn wins face-off versus Eric Staal in neutral zone.
2:48 of 3rd period - Snap shot by Claude Giroux.
2:48 of 3rd period - Shot Misses the Net.
2:50 of 3rd period - Snap shot by Claude Giroux.
2:50 of 3rd period - Stopped by Christopher Gibson with a rebound.
2:52 of 3rd period - Slapshot by Michael Frolik.
2:52 of 3rd period - Stopped by Christopher Gibson with a rebound.
2:54 of 3rd period - Slapshot by Jon Merrill.
2:54 of 3rd period - Stopped by Christopher Gibson without a rebound.
2:55 of 3rd period - Claude Giroux wins face-off versus Patrik Berglund in Flames zone.
3:10 of 3rd period - Slapshot by Jimmy Hayes.
3:10 of 3rd period - Stopped by John Gibson with a rebound.
3:22 of 3rd period - Brad Marchand is hit by Jon Merrill and loses puck.
3:28 of 3rd period - Christian Folin is hit by Jon Merrill and loses puck.
3:31 of 3rd period - Snap shot by Brad Marchand.
3:31 of 3rd period - Stopped by John Gibson without a rebound.
3:32 of 3rd period - Patrik Berglund wins face-off versus Bo Horvat in Maple Leafs zone.
3:35 of 3rd period - Wrist shot by Tanner Pearson.
3:35 of 3rd period - Shot Misses the Net.
3:41 of 3rd period - Wrist shot by Patrik Berglund.
3:41 of 3rd period - Stopped by John Gibson with a rebound.
4:01 of 3rd period - Snap shot by Eric Staal.
4:01 of 3rd period - Shot Blocked by Braydon Coburn.
4:19 of 3rd period - Snap shot by Kevin Labanc.
4:19 of 3rd period - Shot Blocked by Brandon Saad.
4:46 of 3rd period - Slapshot by Colby Robak.
4:46 of 3rd period - Stopped by John Gibson with a rebound.
4:56 of 3rd period - Wrist shot by Vladimir Sobotka.
4:56 of 3rd period - Shot Misses the Net.
5:17 of 3rd period - Snap shot by Patrik Berglund.
5:17 of 3rd period - Stopped by John Gibson without a rebound.
5:18 of 3rd period - Eric Staal wins face-off versus Brayden Schenn in Maple Leafs zone.
5:58 of 3rd period - Snap shot by Andre Burakovsky.
5:58 of 3rd period - Goal by Andre Burakovsky - Maple Leafs : 8 - Flames : 2.
5:58 of 3rd period - Henrik Lundqvist enters game.
5:59 of 3rd period - Eric Staal wins face-off versus Brayden Schenn in neutral zone.
6:31 of 3rd period - Tanner Pearson is hit by Zach Werenski and loses puck.
6:40 of 3rd period - Bo Horvat is hit by Jimmy Hayes and loses puck.
6:56 of 3rd period - Slapshot by Zach Werenski.
6:56 of 3rd period - Stopped by Henrik Lundqvist with a rebound.
7:16 of 3rd period - Brayden Schenn is hit by Bryan Rust and loses puck.
7:33 of 3rd period - Snap shot by Vladimir Sobotka.
7:33 of 3rd period - Shot Misses the Net.
8:06 of 3rd period - Jon Merrill is hit by Colby Robak and loses puck.
8:23 of 3rd period - Slapshot by Tanner Pearson.
8:23 of 3rd period - Deflect By Jon Merrill.
8:23 of 3rd period - Shot Blocked by John Klingberg.
8:23 of 3rd period - Puck is out of play.
8:24 of 3rd period - Patrik Berglund wins face-off versus Tye McGinn in Maple Leafs zone.
8:28 of 3rd period - Minor Penalty to Bo Horvat for Holding.
8:29 of 3rd period - Claude Giroux wins face-off versus Patrik Berglund in Maple Leafs zone.
10:28 of 3rd period - Penalty to Bo Horvat is over, Bo Horvat is back on ice.
10:37 of 3rd period - Bryan Rust is hit by Tye McGinn and loses puck.
11:33 of 3rd period - Jake DeBrusk is hit by Bo Horvat and loses puck.
12:22 of 3rd period - Patrik Berglund is hit by Braydon Coburn and loses puck.
12:33 of 3rd period - Wrist shot by Jimmy Hayes.
12:33 of 3rd period - Stopped by John Gibson with a rebound.
12:35 of 3rd period - Wrist shot by Anders Lee.
12:35 of 3rd period - Deflect By Jake DeBrusk.
12:35 of 3rd period - Stopped by John Gibson with a rebound.
12:37 of 3rd period - Slapshot by Christian Folin.
12:37 of 3rd period - Shot Blocked by Braydon Coburn.
12:46 of 3rd period - Minor Penalty to Kevin Labanc for Interference.
12:47 of 3rd period - Tye McGinn wins face-off versus Patrik Berglund in Flames zone.
12:47 of 3rd period - Wrist shot by Bo Horvat.
12:47 of 3rd period - Shot Misses the Net.
12:57 of 3rd period - Wrist shot by Brad Marchand.
12:57 of 3rd period - Stopped by John Gibson with a rebound.
12:59 of 3rd period - Slapshot by Brendan Mikkelson.
12:59 of 3rd period - Shot Blocked by Tye McGinn.
13:13 of 3rd period - Slapshot by Zach Werenski.
13:13 of 3rd period - Shot Blocked by Patrik Berglund.
13:15 of 3rd period - Snap shot by Braydon Coburn.
13:15 of 3rd period - Stopped by Henrik Lundqvist with a rebound.
13:17 of 3rd period - Slapshot by Brayden Schenn.
13:17 of 3rd period - Shot Misses the Net.
13:19 of 3rd period - Snap shot by Braydon Coburn.
13:19 of 3rd period - Shot Blocked by Colby Robak.
13:21 of 3rd period - Wrist shot by Brayden Schenn.
13:21 of 3rd period - Stopped by Henrik Lundqvist with a rebound.
14:46 of 3rd period - Penalty to Kevin Labanc is over, Kevin Labanc is back on ice.
14:57 of 3rd period - Wrist shot by Brandon Saad.
14:57 of 3rd period - Stopped by Henrik Lundqvist with a rebound.
14:59 of 3rd period - Slapshot by Brayden McNabb.
14:59 of 3rd period - Shot Misses the Net.
15:01 of 3rd period - Snap shot by Pontus Aberg.
15:01 of 3rd period - Stopped by Henrik Lundqvist without a rebound.
15:02 of 3rd period - Patrice Cormier wins face-off versus Colin Wilson in Flames zone.
15:07 of 3rd period - Slapshot by Brandon Saad.
15:07 of 3rd period - Shot Misses the Net.
15:18 of 3rd period - Esa Lindell is hit by Pontus Aberg and loses puck.
15:31 of 3rd period - Slapshot by Esa Lindell.
15:31 of 3rd period - Stopped by John Gibson with a rebound.
15:33 of 3rd period - Backhand shot by Patrik Berglund.
15:33 of 3rd period - Shot Misses the Net.
15:35 of 3rd period - Snap shot by Tanner Pearson.
15:35 of 3rd period - Deflect By Brayden McNabb.
15:35 of 3rd period - Goal by Tanner Pearson - Maple Leafs : 8 - Flames : 3.
15:36 of 3rd period - Eric Staal wins face-off versus Brayden Schenn in neutral zone.
15:53 of 3rd period - Wrist shot by Bryan Rust.
15:53 of 3rd period - Shot Blocked by Jon Merrill.
16:11 of 3rd period - Slapshot by Jon Merrill.
16:11 of 3rd period - Shot Blocked by Erik Johnson.
16:13 of 3rd period - Snap shot by John Klingberg.
16:13 of 3rd period - Shot Blocked by Sami Vatanen.
16:15 of 3rd period - Slapshot by John Klingberg.
16:15 of 3rd period - Shot Misses the Net.
16:41 of 3rd period - Minor Penalty to Kevin Labanc for Tripping.
16:42 of 3rd period - Brayden Schenn wins face-off versus Patrik Berglund in Flames zone.
17:10 of 3rd period - Icing by Jon Merrill.
17:11 of 3rd period - Bo Horvat wins face-off versus Patrik Berglund in Maple Leafs zone.
17:18 of 3rd period - Slapshot by Jon Merrill.
17:18 of 3rd period - Shot Misses the Net.
17:24 of 3rd period - Snap shot by Tye McGinn.
17:24 of 3rd period - Goal by Tye McGinn - Maple Leafs : 9 - Flames : 3.
17:25 of 3rd period - Eric Staal wins face-off versus Brayden Schenn in neutral zone.
18:09 of 3rd period - Minor Penalty to Andre Burakovsky for Tripping.
18:10 of 3rd period - Patrik Berglund wins face-off versus Claude Giroux in Maple Leafs zone.
18:49 of 3rd period - Snap shot by Kevin Labanc.
18:49 of 3rd period - Stopped by John Gibson without a rebound.
18:50 of 3rd period - Eric Staal wins face-off versus Claude Giroux in Maple Leafs zone.
18:53 of 3rd period - Snap shot by Jake DeBrusk.
18:53 of 3rd period - Shot Misses the Net.
19:01 of 3rd period - Slapshot by Kevin Labanc.
19:01 of 3rd period - Shot Blocked by Jon Merrill.
19:34 of 3rd period - Michael Frolik is hit by Jimmy Hayes and loses puck.
Goals for this period are 4 for Maple Leafs vs 1 for Flames.
Shots for this period are 15 for Maple Leafs vs 13 for Flames.